 Dungeon Crawl Stone Soup version 0.28.0 (webtiles) character file.

Game seed: 16811105064833667856

842 Toastz the Grappler (level 8, -15/70 HPs)
             Began as a Ghoul Monk on Apr 7, 2022.
             Killed from afar by a steam dragon (21 damage)
             ... with a ball of steam
             ... on level 5 of the Dungeon.
             The game lasted 00:11:35 (4897 turns).

Toastz the Grappler (Ghoul Monk)                    Turns: 4897, Time: 00:11:36

Health: -15/70     AC:  7    Str: 17    XL:     8   Next: 0%
Magic:  7/7        EV: 14    Int:  5    God:
Gold:   284        SH:  0    Dex: 17    Spells: 7/7 levels left

rFire   . . .      SeeInvis .     - Unarmed
rCold   + . .      Faith    .   (no shield)
rNeg    + + +      Spirit   .   j - +1 scale mail
rPois   ∞          Reflect  .   (no helmet)
rElec   .          Harm     .   (no cloak)
rCorr   .          Rampage  .   (no gloves)
Will    .....                   (no boots)
Stlth   +.........              (no amulet)
HPRegen 0.00/turn               k - +6 ring of dexterity
MPRegen 0.10/turn               r - +4 ring of evasion

@: inhibited regen
A: claws 1, cold resistance 1, negative energy resistance 3, inhibited
regeneration, torment resistance 2
a: no special abilities


You were on level 5 of the Dungeon.
You visited 1 branch of the dungeon, and saw 5 of its levels.

You collected 284 gold pieces.

Inventory:

Hand Weapons
 b - a +0 hunting sling
 w - a +0 flail
Missiles
 c - 110 stones
 m - 30 sling bullets
 x - 4 poisoned darts (quivered)
Armour
 f - a +2 pair of gloves
 j - a +1 scale mail (worn)
Jewellery
 k - a +6 ring of dexterity (left claw)
 r - a +4 ring of evasion (right claw)
 v - a ring of magical power
Wands
 o - a wand of flame (19)
 q - a wand of iceblast (9)
Scrolls
 d - a scroll of blinking {unknown}
 g - a scroll of teleportation {unknown}
 i - a scroll of silence
 p - 2 scrolls of identify {unknown}
 s - a scroll of torment {unknown}
 t - 3 scrolls of enchant armour
 u - a scroll of holy word {unknown}
 y - a scroll of amnesia {unknown}
 z - a scroll of fog {unknown}
Potions
 a - a potion of cancellation {unknown}
 e - a potion of curing
 h - 2 potions of degeneration {unknown}
 l - 4 potions of lignification {unknown}
 A - a potion of heal wounds {unknown}


   Skills:
 + Level 5.6 Fighting
 - Level 3.0 Armour
 - Level 2.6 Dodging
 - Level 2.1 Stealth
 * Level 8.1 Unarmed Combat


You had 7 spell levels left.
You didn't know any spells.
Your spell library contained the following spells:

 Spells                   Type           Power      Damage    Failure   Level
 Apportation              Tloc           0%         N/A       87%         1
 Freeze                   Ice            0%         1d3       87%         1
 Magic Dart               Conj           0%         1d3       87%         1
 Searing Ray              Conj           0%         2d4       95%         2
 Frozen Ramparts          Ice            0%         1d2       99%         3
 Fulminant Prism          Conj/Hex       0%         3d6       100%        4
 Hailstorm                Conj/Ice       0%         3d3       100%        4
 Summon Ice Beast         Ice/Summ       0%         N/A       100%        4
 Alistair's Intoxication  Tmut/Pois      0%         N/A       100%        5
 Ice Form                 Ice/Tmut       Unusable   N/A       N/A         4

Dungeon Overview and Level Annotations

Branches:
Dungeon (5/15)
 Temple: D:4-7

Altars:
Vehumet

Shops:
D:3 !   D:4 =

Annotations:
D:4 2 transporters, Radamante's ghost, amateur MiHu


Innate Abilities, Weirdness & Mutations

You thrive by killing the living.
You are immune to poison.
You have sharp fingernails.
Your flesh is cold resistant. (rC+)
You are immune to negative energy. (rN+++)
You do not regenerate when monsters are visible.
You are immune to unholy pain and torment.


Message History

As you read the scroll labelled HOKIBY EFRIO, it crumbles to dust.
You assume a fearsome visage.
The steam dragon looks frightened! x2
The adder looks frightened!
The hound zombie is unaffected.
It was a scroll of fear.
You are engulfed in a cloud of scalding steam.
* * * LOW HITPOINT WARNING * * *
The hound zombie is engulfed in a cloud of scalding steam.
The hound zombie closely misses you.
You scratch the hound zombie.
You claw the hound zombie, but do no damage.
The hound zombie is moderately damaged.
The hound zombie is engulfed in a cloud of scalding steam.
The hound zombie barely misses you.
You barely miss the hound zombie.
The hound zombie is heavily damaged.
You are engulfed in a cloud of scalding steam.
* * * LOW HITPOINT WARNING * * *
The hound zombie bites you but does no damage.
The steam dragon breathes steam at you. The ball of steam misses you.
The hound zombie closely misses you. The hound zombie completely misses you.
The hound zombie bites you but does no damage.
The hound zombie closely misses you. The hound zombie barely misses you.
As you read the scroll of fear, it crumbles to dust.
You assume a fearsome visage.
The hound zombie is unaffected.
The hound zombie closely misses you.
You closely miss the hound zombie.
The hound zombie is heavily damaged.
The hound zombie bites you but does no damage.
You scratch the hound zombie.
The hound zombie is heavily damaged.
The hound zombie bites you but does no damage.
You scratch the steam dragon but do no damage.
Your attack snaps the steam dragon out of its fear.
The steam dragon is severely wounded.
You barely miss the steam dragon.
The steam dragon is severely wounded.
The steam dragon breathes steam at you. The ball of steam hits you!!
You die...

.[.......# #......#
.##......# .. ..D......#
##.. ###......# #...
#####..## ..# ##..####.#
##ZD.#..# #######@..##
....###...####### ####
#..##..†......#
...###########....#.......#
..........(...............#
.....†#####.....#.........#
#####....#..######...######
# ###....## ###.# ####
.....# #...


You could see a steam dragon (catching breath) and a hound zombie.

Vanquished Creatures
  A water moccasin (D:5)
  An ogre (D:4)
  A necrophage (D:5)
  A sky beast (D:4)
  2 scorpions
  A bullfrog skeleton (D:4)
  2 orc priests (D:4)
  Ijyb (D:3)
  A mummy (D:4)
  4 gnolls (D:4)
  7 adders
  An adder skeleton (D:4)
  3 worms (D:2)
  2 dart slugs
  17 orcs
  6 ball pythons
  7 bats
  6 endoplasms
  2 giant cockroaches (D:1)
  4 goblins
  5 hobgoblins
  6 jackals
  3 quokkas
  6 frilled lizards
  A hobgoblin zombie (D:4)
  3 kobolds
  2 kobold zombies (D:4)
  An orc zombie (D:4)
  11 rats
108 creatures vanquished.

Notes
Turn   | Place    | Note
-------+----------+-------------------------------------------
     0 | D:1      | Toastz the Ghoul Monk began the quest for the Orb.
     0 | D:1      | Reached XP level 1. HP: 19/19 MP: 0/0
   214 | D:1      | Reached XP level 2. HP: 24/26 MP: 1/1
   448 | D:1      | Reached skill level 4 in Unarmed Combat
   578 | D:1      | Reached XP level 3. HP: 33/33 MP: 2/2
  1230 | D:2      | Found a faded altar of an unknown god.
  1840 | D:2      | Reached XP level 4. HP: 40/40 MP: 3/3
  2272 | D:3      | Noticed Ijyb
  2272 | D:3      | Noticed a sky beast
  2505 | D:4      | HP: 1/40 [something (5)]
  2509 | D:4      | Killed a sky beast
  2510 | D:4      | Reached skill level 1 in Armour
  2510 | D:4      | Reached skill level 5 in Unarmed Combat
  2510 | D:4      | Reached XP level 5. HP: 5/47 MP: 4/4
  2543 | D:3      | Killed Ijyb
  2957 | D:3      | Found a radiant altar of Vehumet.
  3144 | D:3      | Reached XP level 6. HP: 53/53 MP: 5/5
  3461 | D:3      | Found Pivipyd's Distillery.
  3625 | D:4      | Reached skill level 6 in Unarmed Combat
  3703 | D:4      | Found a transporter.
  3707 | D:4      | Noticed Radamante's ghost (amateur MiHu)
  3959 | D:4      | Found Plog's Jewellery Shop.
  4014 | D:4      | Reached skill level 5 in Fighting
  4144 | D:4      | Reached XP level 7. HP: 61/61 MP: 6/6
  4233 | D:4      | Found a transporter.
  4344 | D:4      | Reached skill level 7 in Unarmed Combat
  4679 | D:5      | Entered Level 5 of the Dungeon
  4838 | D:5      | Reached skill level 8 in Unarmed Combat
  4873 | D:5      | Reached XP level 8. HP: 70/70 MP: 7/7
  4897 | D:5      | Killed from afar by a steam dragon

Illustrated notes

Levels and vault maps discovered:
D:1:      dpeg_arrival_prison, layout_basic, minmay_door_square
D:2:      layout_loops_ring, shapermc_ecumenical_altar_totnotflames
D:3:      layout_loops_ring, general_overflow_altar, serial_shops, shop,
          minmay_distorted, uniq_ijyb
D:4:      layout_basic, serial_shops, shop, gammafunk_ghost_stat_death,
          minmay_mini_ossuary
D:5:      layout_rooms, gup_ossuary_entry_pyramid

Skill      XL: |  1  2  3  4  5  6  7 |
---------------+----------------------+-----
Unarmed Combat | 4 5 6 8 |  8.1
Fighting       | 4 5 |  5.6
Armour         | 1 2 3 |  3.0
Dodging        | |  2.6
Stealth        | |  2.1

Action                   |  1- 3 |  4- 6 |  7- 9 || total
-------------------------+-------+-------+-------++-------
Melee: Unarmed           |   117 |   152 |    59 ||   328
       Punch             |     2 |     4 |     3 ||     9
 Fire: Hunting sling     |       |     9 |       ||     9
Throw: Stone             |    62 |    18 |       ||    80
       Dart              |       |    14 |     7 ||    21
  Use: Potion            |       |     2 |       ||     2
       Scroll            |       |     1 |     3 ||     4
Armor: Robe              |    19 |       |       ||    19
       Scale mail        |     6 |    37 |    15 ||    58
Dodge: Dodged            |    51 |    80 |    37 ||   168
